 Dungeon Crawl Stone Soup version 0.24-a0-618-ge4662a2 (webtiles) character file.

Game seed: 784252885305234730, levelgen mode: deterministic

162 BoppinsLewinski the Cudgeler (level 5, -5/38 HPs)
             Began as a Centaur Wanderer on Sept 15, 2019.
             Was an Initiate of Okawaru.
             Slain by an orc
             ... wielding a +1 morningstar of protection
              (9 damage)
             ... on level 3 of the Dungeon.
             The game lasted 00:08:03 (3402 turns).

BoppinsLewinski the Cudgeler (Centaur Wanderer)     Turns: 3402, Time: 00:08:04

Health: -5/38      AC:  5    Str: 13 (15) XL:     5   Next: 19%
Magic:  7/7        EV:  7    Int: 15 (17) God:    Okawaru [......]
Gold:   111        SH:  3    Dex:  9 (11) Spells: 7/7 levels left

rFire    + . .     SeeInvis .   i - +0 whip
rCold    + . .     Gourm    .   c - +0 buckler
rNeg     . . .     Faith    .   o - +0 ring mail
rPois    .         Spirit   .   (no helmet)
rElec    .         Reflect  .   (no cloak)
rCorr    .         Harm     .   (no gloves)
MR       .....                  (no barding)
Stlth    ..........             (no amulet)
HPRegen  0.12/turn              (no ring)
MPRegen  0.10/turn              (no ring)

@: mighty, brilliant, very quick
A: large, hooves 3, cold resistance 1, deformed body, fire resistance 1, speed
2, screaming 1, tough skin 3, weak 1
a: Renounce Religion


You were on level 3 of the Dungeon.
You worshipped Okawaru.
Okawaru was noncommittal.
You were hungry.

You visited 1 branch of the dungeon, and saw 3 of its levels.

You collected 111 gold pieces.

Inventory:

Hand Weapons
 i - a +0 whip (weapon)
Armour
 c - a +0 buckler (worn)
 o - a +0 ring mail (worn)
Wands
 d - a wand of flame (18)
Scrolls
 b - 4 scrolls of remove curse {unknown}
 e - 2 scrolls of teleportation {unknown}
 g - a scroll of noise {unknown}
 h - a scroll of fog {unknown}
 j - 2 scrolls of magic mapping {unknown}
 p - 2 scrolls of identify {unknown}
 q - a scroll of amnesia {unknown}
Potions
 k - a potion of mutation
Comestibles
 f - 3 rations


   Skills:
 * Level 4.5 Maces & Flails
 - Level 1.0 Shields
 - Level 1.5 Spellcasting
   Level 1.7 Conjurations
   Level 1.7 Summonings
   Level 1.7 Fire Magic
 - Level 1.0 Evocations


You had 7 spell levels left.
You didn't know any spells.
Your spell library contained the following spells:

 Spells                   Type           Power        Failure   Level  Hunger
 Flame Tongue             Conj/Fire      ###..        4%          1    ##.....
 Throw Flame              Conj/Fire      ###...       6%          2    ###....
 Sandblast                Erth           ##....       8%          1    ##.....
 Conjure Flame            Conj/Fire      ###.....     12%         3    ####...
 Inner Flame              Hex/Fire       ##......     16%         3    ####...
 Stone Arrow              Conj/Erth      ##....       16%         3    ####...
 Sticky Flame             Conj/Fire      ###.....     32%         4    #####..
 Fireball                 Conj/Fire      ###.......   61%         5    ######.


Dungeon Overview and Level Annotations

Branches:
Dungeon (3/15)

Altars:
Ashenzari
Dithmenos
Gozag
Nemelex Xobeh
Okawaru
Qazlal
Vehumet
Wu Jian


Innate Abilities, Weirdness & Mutations

You have hooves in place of feet.
Armour fits poorly on your strangely shaped body.
You cover ground very quickly.
You have extremely tough skin. (AC +3)
Your flesh is cold resistant. (rC+)
Your flesh is heat resistant. (rF+)
You occasionally shout uncontrollably at your foes.
You are weak. (Str -2)


Message History

Ye whack tha orc!
Ye kill tha orc!
Okawaru accepts yer kill.
Tha bat closely misses ye.
Tha adder bites ye.
Unknown command.
Ye barely miss tha adder.
Tha bat hits ye but does nay damage.
Tha adder completely misses ye.
Unknown command.
Tha bat closely misses ye.
Tha orc priest mumbles some strange prayers ta Beogh against ye.
Beogh smites ye!
* * * LOW HITPOINT WARNIN'
* * * Tha adder bites ye but does nay damage.
Thin's tha be 'ere: a +0 hand axe; a +0 club Ye whack tha orc priest!
Tha orc priest be heavily wounded.
Ye block tha bat's attack.
Tha orc hits ye wit' a +1 mornin'star o' protection!
Ye die...

#### ..###
..##########...######
.....oo@...!...#.....
......oSb........#
....#########....#
... ######....# .
#..........#.# #.
#.#####...#..##...
#......#.......
#.##..##.[####. #
#..##..# #.


You could see an orc priest, an adder, 2 orcs and a bat.

Vanquished Creatures
  Jessica (D:2)
  Robin (D:2)
  4 adders
  An ooze (D:1)
  3 worms
  A leopard gecko (D:1)
  An orc (D:3)
  A ball python (D:2)
  3 giant cockroaches
  13 goblins
  11 hobgoblins
  6 jackals
  7 kobolds
  A quokka (D:3)
  5 bats
  12 rats
71 creatures vanquished.

Notes
Turn   | Place    | Note
-------+----------+-------------------------------------------
     0 | D:1      | BoppinsLewinski the Centaur Wanderer began the quest for
                  | the Orb.
     0 | D:1      | BoppinsLewinski set off with the following items: a +0
                  | club, a +0 buckler, a +0 robe, a ration; and the following
                  | spells available to memorise: Flame Tongue, Throw Flame,
                  | Sandblast, Conjure Flame, Inner Flame, Stone Arrow, Sticky
                  | Flame, Fireball
     0 | D:1      | Reached XP level 1. HP: 14/14 MP: 3/3
    21 | D:1      | Reached skill level 1 in Maces & Flails
    41 | D:1      | Reached XP level 2. HP: 11/20 MP: 4/4
   540 | D:1      | Reached skill level 2 in Maces & Flails
   689 | D:1      | Reached XP level 3. HP: 17/26 MP: 5/5
  1476 | D:2      | Reached skill level 3 in Maces & Flails
  1560 | D:2      | Noticed Robin
  1570 | D:2      | Killed Robin
  1570 | D:2      | Reached XP level 4. HP: 28/33 MP: 6/6
  1658 | D:2      | Found a shattered altar of Ashenzari.
  1660 | D:2      | Found a shadowy altar of Dithmenos.
  1661 | D:2      | Found a stormy altar of Qazlal.
  1661 | D:2      | Found a radiant altar of Vehumet.
  1662 | D:2      | Found a sparkling altar of Nemelex Xobeh.
  1662 | D:2      | Found an opulent altar of Gozag.
  1662 | D:2      | Found an ornate altar of the Wu Jian Council.
  1663 | D:2      | Found an iron altar of Okawaru.
  1667 | D:2      | Noticed Jessica
  1675 | D:2      | Killed Jessica
  1688 | D:2      | Became a worshipper of Warmaster Okawaru
  1702 | D:2      | Gained mutation: You are weak. (Str -2) [potion of
                  | mutation]
  1702 | D:2      | Gained mutation: Your flesh is heat resistant. (rF+)
                  | [potion of mutation]
  1702 | D:2      | Gained mutation: You occasionally shout uncontrollably at
                  | your foes. [potion of mutation]
  1702 | D:2      | Gained mutation: Your flesh is cold resistant. (rC+)
                  | [potion of mutation]
  1705 | D:2      | Reached skill level 4 in Maces & Flails
  2591 | D:2      | Reached XP level 5. HP: 37/38 MP: 7/7
  3402 | D:3      | Slain by an orc

Levels and vault maps discovered:
D:1:      lightli_arrival_statue_moat, layout_basic, minmay_pentomino_q2
D:2:      minmay_chambers_of_ones, layout_loops_ring,
          grunt_temple_overflow_open, uniq_robin, uniq_jessica
D:3:      layout_loops_ring, first_ration, ebering_ghost_disaster_area,
          kennysheep_big_empty_room

Skill      XL: |  1  2  3  4 |
---------------+-------------+-----
Maces & Flails | 1 2 3 4 |  4.5
Shields        | |  1.0
Spellcasting   | |  1.5
Conjurations   | |  1.7
Summonings     | |  1.7
Fire Magic     | |  1.7
Evocations     | |  1.0

Action                   |  1- 3 |  4- 6 || total
-------------------------+-------+-------++-------
Melee: Club              |    54 |       ||    54
       Kick              |    19 |    17 ||    36
       Whip              |   104 |   139 ||   243
Evoke: Wand              |       |     1 ||     1
  Use: Potion            |     1 |     6 ||     7
  Eat: Chunk             |     2 |     1 ||     3
       Ration            |       |     1 ||     1
Armor: Robe              |    45 |       ||    45
       Skin              |    14 |       ||    14
       Ring mail         |    13 |    75 ||    88
Dodge: Dodged            |    49 |    45 ||    94
Block: Buckler           |    32 |    20 ||    52

Table legend:
 A = Non-vault XP
 B = Vault XP
 C = Vault XP percentage of total XP
 D = Non-vault monster count
 E = Vault monster count
 F = Vault count percentage of total count
                 A         B        C        D         E       F
            +---------+---------+-------+---------+---------+-------
      Total |     148 |      84 |  36.2 |      54 |      17 |  23.9
            +---------+---------+-------+---------+---------+-------
        D:1 |      52 |       2 |   3.7 |      30 |       1 |   3.2
        D:2 |      66 |      82 |  55.4 |      16 |      16 |  50.0
        D:3 |      30 |       0 |   0.0 |       8 |       0 |   0.0
            +---------+---------+-------+---------+---------+-------
